 Dungeon Crawl Stone Soup version 0.26-a0-710-g95a0c6c400 (webtiles) character file.

Game seed: 10644218860473395753

1352 OTABOTABOTAB the Cleaver (level 8, -11/71 HPs)
             Began as a Minotaur Berserker on Oct 30, 2020.
             Was an Elder of Trog.
             Mangled by an orc warrior
             ... wielding a +0 halberd
              (23 damage)
             ... on level 6 of the Dungeon.
             The game lasted 00:03:35 (4950 turns).

OTABOTABOTAB the Cleaver (Minotaur Berserker)       Turns: 4950, Time: 00:03:36

Health: -11/71     AC: 11    Str: 23    XL:     8   Next: 36%
Magic:  7/7        EV: 14    Int:  4    God:    Trog [****..]
Gold:   289        SH:  0    Dex: 11    Spells: 7/7 levels left

rFire    + . .     SeeInvis .   a - +1 hand axe
rCold    + . .     Faith    .   (no shield)
rNeg     . . .     Spirit   .   m - +0 chain mail {rC+}
rPois    .         Reflect  .   (helmet restricted)
rElec    .         Harm     .   (no cloak)
rCorr    .         Rampage  .   (no gloves)
MR       ++...                  h - +0 pair of boots
Stlth    ..........             (no amulet)
HPRegen  1.21/turn              i - +4 ring of evasion
MPRegen  0.10/turn              b - ring of protection from fire {rF+, !d}

@: berserk cooldown, regenerating, slowed, very slow
A: retaliatory headbutt, horns 2
a: Berserk, Trog's Hand, Brothers in Arms, Renounce Religion


You were on level 6 of the Dungeon.
You worshipped Trog.
Trog was greatly pleased with you.
You visited 1 branch of the dungeon, and saw 6 of its levels.

You collected 289 gold pieces.

Inventory:

Hand Weapons
 a - a +1 hand axe (weapon)
Armour
 f - a +0 pair of gloves
   (You found it on level 5 of the Dungeon)
 h - a +0 pair of boots (worn)
   (You found it on level 2 of the Dungeon)
 m - a +0 chain mail of cold resistance (worn)
   (You found it on level 3 of the Dungeon)
 p - a +0 plate armour
   (You found it on level 3 of the Dungeon)
Jewellery
 b - a ring of protection from fire (right hand) {rF+, !d}
   (You found it on level 5 of the Dungeon)
 i - a +4 ring of evasion (left hand)
   (You found it on level 2 of the Dungeon)
Scrolls
 c - a scroll of fog
 j - 3 scrolls of immolation {!r}
Potions
 d - a potion of resistance {unknown}
 e - 4 potions of heal wounds
 g - a potion of degeneration {unknown}
 k - a potion of stabbing {unknown}
 n - a potion of lignification {!q}
 o - a potion of might
 q - 2 potions of curing


   Skills:
 + Level 6.6 Fighting
 * Level 8.6 Axes
 + Level 5.9 Armour
 + Level 5.4 Dodging


You had 7 spell levels left.
You didn't know any spells.
Your spell library was empty.

Dungeon Overview and Level Annotations

Branches:
Dungeon (6/15)             Temple (0/1) D:6

Altars:
Cheibriados
Dithmenos
The Shining One
Beogh


Innate Abilities, Weirdness & Mutations

You reflexively headbutt those who attack you in melee.
You have a pair of horns on your head.


Message History

You hit the bullfrog. You headbutt the bullfrog.
The bullfrog hits you but does no damage. x2
A bullfrog is nearby!
You hit the bullfrog. The bullfrog closely misses you.
A bullfrog is nearby!
You closely miss the bullfrog.
The bullfrog hits you but does no damage.
A bullfrog is nearby!
You slash the bullfrog! The bullfrog barely misses you.
A bullfrog is nearby!
You slash the bullfrog!
You kill the bullfrog!
Trog accepts your kill.
An orc wizard comes into view. It is wielding a +0 dagger.
The orc wizard shouts!
An orc warrior comes into view. It is wielding a +0 halberd.
An orc priest comes into view. It is wielding a +0 club.
The orc warrior shouts!
The orc priest shouts!
Health restored: 71
There are monsters nearby!
The orc priest mumbles some strange prayers to Beogh against you.
Pain shoots through your body!
The orc wizard points at you and mumbles some strange words.
The magic dart hits you!
There are monsters nearby!
You hit the orc wizard. The orc warrior closely misses you.
You take 18 damage, and have 53/71 hp.
MASSIVE DAMAGE!!
You barely miss the orc wizard.
The orc wizard hits you but does no damage.
The orc warrior hits you from afar with a +0 halberd!
You take 11 damage, and have 42/71 hp.
You are too injured to fight recklessly!
Unknown command.
You are too injured to fight recklessly!
Unknown command.
You are too injured to fight recklessly!
Unknown command.
You are too injured to fight recklessly!
You are too injured to fight recklessly!
Unknown command.
Your skin crawls.
You feel resistant to hostile enchantments.
The orc wizard casts a spell at you. The puff of frost misses you.
You regained 2 hp, and now have 44/71 hp.
A red film seems to cover your vision as you go berserk!
You feel yourself moving faster!
You feel mighty! The orc priest closely misses you.
The orc warrior hits you from afar with a +0 halberd.
The orc wizard closely misses you. You furiously retaliate!
You headbutt the orc wizard.
You now have 61/106 hp.
Unknown command.
You are too injured to fight recklessly!
You are too injured to fight recklessly!
You are too injured to fight recklessly!
Unknown command.
You are too injured to fight recklessly!
You are too injured to fight recklessly!
You are too injured to fight recklessly!
Unknown command.
You slash the orc wizard! You headbutt the orc wizard.
You kill the orc wizard!
Trog accepts your kill.
Trog appreciates your killing of a magic user.
You hit the orc priest.
The orc priest hits you but does no damage.
The orc warrior hits you from afar with a +0 halberd.
You take 5 damage, and have 56/106 hp.
The orc priest misses you.
Things that are here:
a +0 dagger; a +0 robe You feel a strong urge to attack something.
The orc warrior hits you but does no damage.
You feel your anger nearly subside.
You are no longer berserk.
You are exhausted.
You feel yourself slow down.
You now have 40/71 hp.
You barely miss the orc priest.
The orc warrior hits you from afar with a +0 halberd!
The orc priest hits you with a +0 club.
You take 16 damage, and have 24/71 hp.
MASSIVE DAMAGE!!
You hit the orc priest. The orc warrior closely misses you.
The orc priest hits you but does no damage.
You barely miss the orc priest. The orc warrior closely misses you.
The orc priest misses you. You furiously retaliate!
You headbutt the orc priest, but do no damage.
You regained 2 hp, and now have 27/71 hp.
Unknown command.
You hit the orc priest.
The orc warrior hits you from afar with a +0 halberd!!
* * * LOW HITPOINT WARNING * * *
The orc priest looks encouraged for a moment.
You take 17 damage, and have 10/71 hp.
MASSIVE DAMAGE!!
You completely miss the orc priest.
The orc warrior hits you from afar with a +0 halberd!!
You die...

### #### #..##
#..###.....
##.........#
#..o.....# #..#
##.@.o...# ...#
###.)....###...#
#.........#....###..
#...................
#...................
##..........##......
###........#.......
###...##........#
#.####........#


You could see an orc warrior and an orc priest.

Vanquished Creatures
  A sky beast (D:5)
  An ogre (D:4)
  2 centaurs (D:4)
  3 bullfrogs (D:6)
  2 scorpions (D:4)
  A howler monkey (D:4)
  A bullfrog zombie (D:6)
  A hound (D:4)
  4 orc wizards
  A gnoll shaman (D:5)
  A jelly (D:6)
  3 orc priests
  2 worker ants
  Robin (D:2)
  8 gnolls
  11 adders
  An ooze (D:1)
  An adder zombie (D:6)
  A worm (D:2)
  A dart slug (D:1)
  16 orcs
  A giant cockroach (D:1)
  13 goblins
  10 hobgoblins
  15 jackals
  5 quokkas
  5 bats
  A frilled lizard (D:1)
  A jackal zombie (D:5)
  10 kobolds
  8 rats
132 creatures vanquished.

Vanquished Creatures (others)
  10 plants (D:2)
10 creatures vanquished.

Grand Total: 142 creatures vanquished

Notes
Turn   | Place    | Note
-------+----------+-------------------------------------------
     0 | D:1      | OTABOTABOTAB the Minotaur Berserker began the quest for the
                  | Orb.
     0 | D:1      | Reached XP level 1. HP: 19/19 MP: 0/0
   122 | D:1      | Reached XP level 2. HP: 27/27 MP: 1/1
   124 | D:1      | Reached skill level 4 in Axes
   445 | D:1      | Reached XP level 3. HP: 27/33 MP: 2/2
   446 | D:1      | Reached skill level 4 in Fighting
   522 | D:1      | Reached ** piety under Trog
   631 | D:1      | Reached skill level 3 in Armour
   953 | D:2      | Noticed Robin
   960 | D:2      | Killed Robin
  1055 | D:2      | Reached XP level 4. HP: 30/40 MP: 3/3
  1184 | D:2      | Reached skill level 3 in Dodging
  1822 | D:3      | Reached skill level 5 in Axes
  2061 | D:3      | Reached XP level 5. HP: 46/47 MP: 4/4
  2072 | D:3      | Reached *** piety under Trog
  2079 | D:3      | Found a shadowy altar of Dithmenos.
  2373 | D:4      | Noticed a centaur
  2376 | D:4      | HP: 8/47 [centaur/arrow (11)]
  2744 | D:4      | Killed a centaur
  2837 | D:4      | Reached skill level 4 in Armour
  2850 | D:4      | Reached XP level 6. HP: 55/55 MP: 5/5
  2929 | D:4      | Reached skill level 5 in Fighting
  2929 | D:4      | Reached skill level 6 in Axes
  2956 | D:4      | Reached skill level 4 in Dodging
  3019 | D:4      | Reached XP level 7. HP: 39/61 MP: 6/6
  3151 | D:4      | Reached skill level 7 in Axes
  3267 | D:4      | Found a roughly hewn altar of Beogh.
  3276 | D:4      | Reached skill level 5 in Armour
  3543 | D:5      | Entered Level 5 of the Dungeon
  3688 | D:5      | Found a snail-covered altar of Cheibriados.
  3861 | D:5      | Reached skill level 6 in Fighting
  4165 | D:5      | Reached skill level 5 in Dodging
  4166 | D:5      | Found a glowing golden altar of the Shining One.
  4172 | D:5      | Reached XP level 8. HP: 49/70 MP: 7/7
  4303 | D:6      | Found a staircase to the Ecumenical Temple.
  4319 | D:6      | Reached skill level 8 in Axes
  4324 | D:6      | HP: 13/70 [acid (5)]
  4788 | D:6      | Reached **** piety under Trog
  4949 | D:6      | HP: 10/71 [orc warrior/+0 halberd (18)]
  4950 | D:6      | Mangled by an orc warrior

Illustrated notes

Levels and vault maps discovered:
D:1:      lightli_arrival_quake, layout_rooms, st_stairs_7, minmay_distorted
D:2:      layout_basic, serial_forest, infiniplex_forest_lined_corner,
          infiniplex_forest_clump_diagonal, infiniplex_forest_clump_long,
          infiniplex_forest_corner_1, minmay_statues_item,
          minmay_misc_feat_tiny, uniq_robin
D:3:      layout_rooms, lemuel_doored_altar
D:4:      layout_rooms, kennysheep_decorative_pillar, kennysheep_orc_chapel
D:5:      layout_loops_ring, cheibriados_altar_1, st_stairs_9,
          nicolae_tso_swordbearing_angel
D:6:      layout_cave_pools, minmay_temple_entry_butterflies,
          nrook_mini_backslash, kennysheep_windowed_goal

Skill      XL: |  1  2  3  4  5  6  7  8 |
---------------+-------------------------+-----
Axes           | 4 5 6 7 8 |  8.6
Fighting       | 4 5 6 |  6.6
Armour         | 3 4 5 |  5.9
Dodging        | 3 4 5 |  5.4

Action                   |  1- 3 |  4- 6 |  7- 9 || total
-------------------------+-------+-------+-------++-------
Melee: Hand axe          |    79 |   110 |   154 ||   343
       Headbutt          |    15 |    16 |    26 ||    57
Invok: Berserk           |     1 |       |     1 ||     2
       Trog's Hand       |       |       |     1 ||     1
  Use: Scroll            |       |     4 |     7 ||    11
Armor: Animal skin       |     8 |     8 |       ||    16
       Chain mail        |       |    19 |    59 ||    78
Dodge: Dodged            |    48 |   102 |   112 ||   262

Table legend: (Time is in decaauts)
 A = Elapsed time spent in this place.
 B = Non-inter-level travel time spent in this place.
 C = Inter-level travel time spent in this place.
 D = Time resting spent in this place.
 E = Time spent auto-exploring this place.
 F = Levels seen in this place.
 G = Mean time per level.
                   A        B        C        D        E       F      G
               +--------+--------+--------+--------+--------+-----+--------+
         Total |   4958 |   4865 |     93 |    754 |   3444 |   6 |  826.3 |
       Dungeon |   4958 |   4865 |     93 |    754 |   3444 |   6 |  826.3 |
               +--------+--------+--------+--------+--------+-----+--------+

Top non-repeatable levels by time:
     D:2: 1020 daAuts
     D:3: 907 daAuts
     D:1: 817 daAuts
     D:4: 816 daAuts
     D:5: 755 daAuts
     D:6: 640 daAuts

Table legend:
 A = Kills in this place as a percentage of kills in entire the game.
 B = Kills by you in this place as a percentage of kills by you in the entire game.
 C = Kills by friends in this place as a percentage of kills by friends in the entire game.
 D = Other kills in this place as a percentage of other kills in the entire game.
 E = Experience gained in this place as a percentage of experience gained in the entire game.
 F = Experience gained in this place divided by the number of levels of this place that you have seen.
                   A       B       C       D       E      F
               +-------+-------+-------+-------+-------+----------------------
         Total | 100.0 | 100.0 |   N/A |   N/A | 100.0 | 322.0
       Dungeon | 100.0 | 100.0 |   N/A |   N/A | 100.0 | 322.0
               +-------+-------+-------+-------+-------+----------------------
